 Dungeon Crawl Stone Soup version 0.31.0-12-g77e489cdc1 (webtiles) character file.

Game seed: 16299563523641242250

896 Gadfly the Trooper (level 8, 0/124 HPs)
             Began as an Oni Berserker on Feb 23, 2024.
             Was a Believer of Trog.
             Slain by a hornet (3 damage)
             ... on level 8 of the Dungeon.
             The game lasted 00:06:34 (4461 turns).

Gadfly the Trooper (Oni Berserker)                  Turns: 4461, Time: 00:06:35

Health: 0/124      AC:  9    Str: 21 (22) XL:     8   Next: 7%
Magic:  0/8        EV: 10    Int:  7 (8)  God:    Trog [**....]
Gold:   219        SH:  0    Dex:  9 (10) Spells: 7/7 levels left

rFire   . . .        a - +0 flail (heavy)
rCold   . . .        (no shield)
rNeg    . . .        m - +0 robe
rPois   .            (helmet restricted)
rElec   .            n - +1 cloak {rCorr}
rCorr   +            (gloves unavailable)
SInv    +            (boots unavailable)
Will    .....        o - amulet of guardian spirit Stlth
                     h - ring of see invisible
HPRegen 0.40/turn    k - +4 ring of protection
MPRegen 0.11/turn

%: guardian spirit
@: berserking, lethally poisoned (0 -> -9), slowed
A: large, unfitting armour, horns 1, tough skin 1, double potion healing,
drunken brawling
a: Renounce Religion, Berserk, Trog's Hand


You were on level 8 of the Dungeon.
You worshipped Trog.
Trog was pleased with you.
You visited 1 branch of the dungeon, and saw 6 of its levels.

You collected 219 gold pieces.

Inventory:

Hand Weapons
 a - a +0 heavy flail (weapon)
 b - a +3 quarterstaff of chaos
 l - a +0 short sword of draining
Armour
 m - a +0 robe (worn)
 n - a +1 cloak of preservation (worn)
Jewellery
 h - a ring of see invisible (left hand)
 k - a +4 ring of protection (right hand)
 o - an amulet of guardian spirit (around neck)
Scrolls
 f - a scroll of fog
 g - a scroll of identify
Potions
 c - a potion of lignification
 d - 3 potions of curing
 e - a potion of heal wounds {unknown}
 i - 2 potions of mutation
 j - a potion of might


   Skills:
 + Level 5.9 Fighting
 * Level 5.7 Maces & Flails
 * Level 4.0 Armour
 - Level 2.6 Dodging
 * Level 3.6 Evocations


You had 7 spell levels left.
You didn't know any spells.
Your spell library was empty.

Dungeon Overview and Level Annotations

Branches:
Dungeon (5/15)
 Temple: D:4-7

Altars:
Ashenzari
Wu Jian


Innate Abilities, Weirdness & Mutations

You are too large for most types of armour.
You have a pair of small horns on your head.
You have tough skin. (AC +1)
You gain doubled healing and magic from potions.
Whenever you drink a healing potion, you attack all around you.


Message History

You are too injured to fight recklessly!
You are too injured to fight recklessly!
You hit the hornet. You headbutt the hornet.
The hornet is heavily wounded.
You feel sick. The hornet stings you!
You are more poisoned.
You feel yourself slow down. The hornet stings you.
* * * LOW HITPOINT WARNING * * *
You feel as though you will be slow longer.
You barely miss the hornet. Your headbutt misses the hornet.
The hornet is moderately wounded.
You feel very sick. The hornet misses you. The hornet stings you.
* * * LOW HITPOINT WARNING * * *
You are more poisoned.
You feel as though you will be slow longer.
You closely miss the hornet.
The hornet is moderately wounded.
* * * LOW HITPOINT WARNING * * *
You feel extremely sick.
The hornet stings you but does no damage.
The hornet stings you.
* * * LOW HITPOINT WARNING * * *
You are lethally poisoned!
You feel as though you will be slow longer.
The hornet stings you.
* * * LOW HITPOINT WARNING * * *
You feel as though you will be slow longer.
A two-headed ogre comes into view. It is wielding two +0 giant clubs.
You sock the hornet!
The hornet is severely wounded.
* * * LOW HITPOINT WARNING * * *
You feel extremely sick. The hornet closely misses you.
The hornet barely misses you.
You closely miss the hornet.
The hornet is severely wounded.
* * * LOW HITPOINT WARNING * * *
You feel very sick. The hornet stings you.
You die...

.... ... ##### .O. .....
..# ..... #.# ..... #.#
..... #.#######
.....#######+###@.......
.$............xy########
...............D#
................#
................#
................#
#####...........#
#...........#
#$..........#


You could see a two-headed ogre, an unseen horror (invisible), a hornet and a
steam dragon.

Vanquished Creatures
  Eustachio (D:4)
  Duvessa (D:4)
  A sky beast (D:4)
  An ogre (D:4)
  2 scorpions (D:4)
  Dowan (D:4)
  2 hounds (D:4)
  Crazy Yiuf (D:4)
  2 iguanas
  A sleepcap (D:4)
  5 adders
  3 gnolls (D:2)
  A ribbon worm (D:3)
  4 dart slugs
  5 orcs (D:3)
  4 endoplasms
  3 giant cockroaches
  6 hobgoblins
  7 jackals
  7 kobolds
  2 quokkas
  A ball python (D:2)
  5 bats
  2 frilled lizards
  9 goblins
  4 rats
81 creatures vanquished.

Notes
Turn   | Place    | Note
-------+----------+-------------------------------------------
     0 | D:1      | Gadfly the Oni Berserker began the quest for the Orb.
     0 | D:1      | Reached XP level 1. HP: 24/24 MP: 1/1
   454 | D:1      | Reached XP level 2. HP: 32/32 MP: 2/2
  1106 | D:2      | Found a faded altar of an unknown god.
  1141 | D:2      | Reached XP level 3. HP: 34/39 MP: 3/3
  1228 | D:2      | Reached skill level 1 in Armour
  1228 | D:2      | Reached skill level 1 in Evocations
  1304 | D:2      | Reached XP level 4. HP: 11/49 MP: 4/4
  1430 | D:2      | Reached ** piety under Trog
  2256 | D:3      | Reached XP level 5. HP: 55/55 MP: 5/5
  2641 | D:3      | Identified the +3 ring mail of Poashain {rF+ Dex+3}
  2709 | D:3      | Found a broken altar of Ashenzari.
  2868 | D:4      | Noticed Duvessa
  2869 | D:4      | Noticed Dowan
  3011 | D:4      | Killed Duvessa
  3012 | D:4      | Reached XP level 6. HP: 54/65 MP: 3/6
  3012 | D:4      | Killed Dowan
  3013 | D:4      | Reached skill level 5 in Fighting
  3294 | D:4      | Reached XP level 7. HP: 72/72 MP: 7/7
  3318 | D:4      | Reached skill level 5 in Maces & Flails
  3597 | D:4      | Found an ornate altar of the Wu Jian Council.
  3635 | D:4      | Noticed Eustachio
  3660 | D:4      | Killed Eustachio
  3885 | D:4      | Reached XP level 8. HP: 69/83 MP: 6/8
  3979 | D:4      | Found a runed translucent door.
  3980 | D:4      | Noticed Crazy Yiuf
  4219 | D:4      | Killed Crazy Yiuf
  4386 | D:5      | Entered Level 5 of the Dungeon
  4439 | D:5      | You fall into a shaft and drop 3 floors!
  4441 | D:8      | Noticed an unseen horror
  4443 | D:8      | Noticed a hornet
  4454 | D:8      | Paralysed by a hornet for 2 turns
  4459 | D:8      | Noticed a two-headed ogre
  4461 | D:8      | HP: 3/124 [poisoned by a hornet]
  4461 | D:8      | Slain by a hornet

Illustrated notes

Levels and vault maps discovered:
D:1:      noname_arrival_rooms_in_the_neighbourhood, layout_basic,
          kennysheep_boxes
D:2:      layout_loops_ring, hellmonk_ecumenical_altar_pennies_from_heaven
D:3:      layout_loops_ring, mainiacjoe_overflow_paths
D:4:      layout_cave_pools, amcnicky_altar_gilded,
          amcnicky_mini_corridor_feature, uniq_crazy_yiuf_cottage, uniq_duvessa,
          uniq_eustachio
D:5:      layout_basic, gup_sewer_entry_bowl, uniq_menkaure
D:8:      layout_basic, mainiacjoe_overflow_alcove_3, serial_shops,
          nicolae_take_the_stairs, serial_glass, glass_columns_a,
          glass_columns_b, uniq_pikel

Skill      XL: |  1  2  3  4  5  6  7  8 |
---------------+-------------------------+-----
Armour         | 1 2 3 4 |  4.0
Evocations     | 1 2 3 |  3.6
Maces & Flails | 4 5 |  5.7
Fighting       | 5 |  5.9
Dodging        | |  2.6

Action                     |  1- 3 |  4- 6 |  7- 9 || total
---------------------------+-------+-------+-------++-------
  Melee: Mace              |    74 |    20 |       ||    94
         Headbutt          |    13 |    10 |     7 ||    30
         Punch             |     2 |     2 |       ||     4
         Flail             |       |    77 |    65 ||   142
 Invoke: Berserk           |       |     1 |     2 ||     3
    Use: Scroll            |     4 |     5 |       ||     9
         Potion            |       |       |     2 ||     2
 Armour: Animal skin       |    58 |    27 |       ||    85
         Robe              |       |    57 |   113 ||   170
  Dodge: Dodged            |    44 |    52 |    70 ||   166
